 Dungeon Crawl Stone Soup version 0.30-a0-279-g4b46babb21 (webtiles) character file.

Game seed: 11382970778436977428

1104 hikkokomori the Trooper (level 8, -11/78 HPs)
             Began as a Gargoyle Berserker on Oct 17, 2022.
             Was a Priest of Trog.
             Mangled by an ogre
             ... wielding a +0 giant club
              (25 damage)
             ... on level 5 of the Dungeon.
             The game lasted 00:04:56 (4574 turns).

hikkokomori the Trooper (Gargoyle Berserker)        Turns: 4574, Time: 00:04:56

Health: -11/78     AC: 14    Str: 21    XL:     8   Next: 32%
Magic:  0/8        EV: 12    Int:  8    God:    Trog [***...]
Gold:   205        SH:  6    Dex: 11    Spells: 7/7 levels left

rFire   . . .      SeeInvis .    o - +2 whip (elec)
rCold   + . .      Faith    .    B - +2 buckler {reflect}
rNeg    + . .      Spirit   +    n - +2 leather armour {rC+}
rPois   ∞          Reflect  +    j - +2 helmet
rElec   +          Harm     .    (no cloak)
rCorr   .          Rampage  .    (no gloves)
Will    .....                    (no boots)
Stlth   ..........               f - amulet of guardian spirit
HPRegen 0.33/turn                (no ring)
MPRegen 0.11/turn                (no ring)

@: berserking, very quick
A: sickness immunity, AC +5, negative energy resistance 1, electricity
resistance, torment resistance 1, petrification resistance
a: Renounce Religion, Berserk, Trog's Hand


You were on level 5 of the Dungeon.
You worshipped Trog.
Trog was most pleased with you.
You visited 1 branch of the dungeon, and saw 5 of its levels.

You collected 205 gold pieces.

Inventory:

Hand Weapons
 a - a +0 hand axe
 o - a +2 whip of electrocution (weapon)
Missiles
 i - 3 javelins (quivered)
Armour
 b - a +0 animal skin
 j - a +2 helmet (worn)
 m - a +0 ring mail
 n - a +2 leather armour of cold resistance (worn)
 q - a +0 buckler
 B - a +2 buckler of reflection (worn)
Jewellery
 f - an amulet of guardian spirit (around neck)
Wands
 A - a wand of quicksilver (6)
Scrolls
 c - 2 scrolls of brand weapon {unknown}
 e - 4 scrolls of identify {unknown}
 h - 3 scrolls of teleportation {unknown}
 l - 2 scrolls of fog {unknown}
 p - 3 scrolls of magic mapping {unknown}
 r - 3 scrolls of enchant weapon {unknown}
 u - 2 scrolls of fear {unknown}
 v - a scroll of torment {unknown}
 w - a scroll of vulnerability {unknown}
 x - a scroll of noise {unknown}
 y - a scroll of silence {unknown}
Potions
 d - 2 potions of curing {unknown}
 g - 2 potions of mutation {unknown}
 k - 3 potions of heal wounds {unknown}
 s - a potion of degeneration {unknown}
 t - a potion of resistance {unknown}
 z - 2 potions of haste {unknown}


   Skills:
 * Level 6.8 Fighting
 - Level 3.3(3.9) Axes
 + Level 3.2(4.1) Maces & Flails
 + Level 4.7 Armour
 + Level 3.5 Dodging
 + Level 3.6 Shields


You had 7 spell levels left.
You didn't know any spells.
Your spell library was empty.

Dungeon Overview and Level Annotations

Branches:
Dungeon (5/15)
 Temple: D:4-7

Altars:
Okawaru
Vehumet
Yredelemnul

Shops:
D:3 (


Innate Abilities, Weirdness & Mutations

You are immune to sickness and miasma.
Your stone body is resilient. (AC +5)
You are immune to poison.
You resist negative energy. (rN+)
You are resistant to electric shocks. (rElec)
You are resistant to unholy torment.
You are immune to petrification.


Message History

No target in view!
No target in view!
Key pressed, stopping explore.
Things that are here:
a +0 shortbow; a centaur corpse; a howler monkey corpse An iguana comes into view.
An iguana is nearby!
An ogre comes into view. It is wielding a +0 giant club.
The ogre shouts!
The iguana hisses angrily.
There are monsters nearby!
You hit the ogre.
The ogre is lightly wounded.
The ogre barely misses you.
There are monsters nearby!
You barely miss the ogre.
The ogre is lightly wounded.
There are monsters nearby!
You hit the ogre.
The ogre is moderately wounded.
You block the ogre's attack.
You hit the ogre.
The ogre is heavily wounded.
The ogre hits you with a +0 giant club!!
There are monsters nearby!
You hit the ogre.
The ogre is severely wounded.
There are monsters nearby!
You hit the ogre but do no damage.
The ogre is severely wounded.
The ogre hits you with a +0 giant club!!
* * * LOW HITPOINT WARNING * * *
You are too injured to fight recklessly!
Unknown command.
You are too injured to fight recklessly!
A red film seems to cover your vision as you go berserk!
You feel yourself moving faster!
You feel mighty!
You whack the ogre!
The ogre is almost dead.
The ogre hits you with a +0 giant club!!
You die...

.....# #.## ##.#
.....# #..# #..#
....## ##.## ##.###
..### #..## ##...# ###
#...## #..#.# #..##.
###.#.#####
#..##l#.##........
#...##O.#.....####
#..##.@###...##
#..##.#.##..## # #####
##...##)##..##
###...####.....#)#..##
......##...#....#..##
.........###....#.##
........## ##...#.#
........# #...#..
........## ##.###.


You could see an ogre and an iguana.

Vanquished Creatures
  Sigmund (D:5)
  An ice beast (D:5)
  3 ogres
  A centaur (D:5)
  A phantom (D:4)
  A scorpion (D:4)
  A howler monkey (D:5)
  2 hounds (D:4)
  2 orc wizards (D:5)
  12 gnolls
  2 adders
  An ufetubus (D:5)
  A worm (D:2)
  A dart slug (D:5)
  11 orcs
  8 endoplasms
  2 giant cockroaches
  5 goblins
  5 hobgoblins
  4 quokkas
  4 ball pythons
  8 bats
  4 frilled lizards
  3 kobolds
  5 rats
89 creatures vanquished.

Notes
Turn   | Place    | Note
-------+----------+-------------------------------------------
     0 | D:1      | hikkokomori the Gargoyle Berserker began the quest for the
                  | Orb.
     0 | D:1      | Reached XP level 1. HP: 14/14 MP: 1/1
   274 | D:1      | Reached XP level 2. HP: 13/19 MP: 2/2
   976 | D:1      | Reached XP level 3. HP: 24/24 MP: 3/3
  1700 | D:2      | Reached ** piety under Trog
  1701 | D:2      | Reached skill level 4 in Fighting
  1709 | D:2      | Reached XP level 4. HP: 17/29 MP: 1/4
  2313 | D:3      | Found Koathrilea's Antique Weapon Shop.
  2339 | D:3      | Found a faded altar of an unknown god.
  2973 | D:4      | Reached XP level 5. HP: 34/34 MP: 5/5
  2984 | D:4      | Reached skill level 1 in Shields
  3109 | D:4      | Reached skill level 1 in Maces & Flails
  3188 | D:4      | Reached XP level 6. HP: 37/40 MP: 6/6
  3389 | D:4      | Reached skill level 5 in Fighting
  3660 | D:4      | Found an iron altar of Okawaru.
  3685 | D:4      | Reached *** piety under Trog
  3773 | D:4      | Reached XP level 7. HP: 41/44 MP: 7/7
  3870 | D:5      | Entered Level 5 of the Dungeon
  4058 | D:5      | Found a radiant altar of Vehumet.
  4068 | D:5      | Reached skill level 6 in Fighting
  4105 | D:5      | Found a basalt altar of Yredelemnul.
  4113 | D:5      | Noticed Sigmund
  4124 | D:5      | Killed Sigmund
  4125 | D:5      | Reached XP level 8. HP: 52/52 MP: 8/8
  4574 | D:5      | Mangled by an ogre

Illustrated notes

Levels and vault maps discovered:
D:1:      minmay_arrival_up_and_down, layout_basic
D:2:      layout_basic
D:3:      layout_basic, hellmonk_ecumenical_altar_heavens_door, serial_shops,
          shop_statue, minmay_misc_feat_rugged, minmay_door_square
D:4:      layout_basic, okawaru_altar_gauntlet_db
D:5:      layout_cave_pods, mainiacjoe_overflow_alcove_2, kennysheep_little_box,
          serial_park_tiny_2, minmay_manual_macuahuitl, uniq_sigmund

Skill      XL: |  1  2  3  4  5  6  7  8 |
---------------+-------------------------+-----
Axes           | 3 |  3.3
Dodging        | 2 3 |  3.5
Fighting       | 4 5 6 |  6.8
Armour         | 3 4 |  4.7
Shields        | 1 2 3 |  3.6
Maces & Flails | 1 2 3 |  3.2

Action                   |  1- 3 |  4- 6 |  7- 9 || total
-------------------------+-------+-------+-------++-------
Melee: Hand axe          |   107 |     3 |       ||   110
       Whip              |       |   156 |    63 ||   219
Invok: Berserk           |       |     1 |     1 ||     2
       Trog's Hand       |       |       |     1 ||     1
Armor: Animal skin       |    21 |       |       ||    21
       Ring mail         |    13 |       |       ||    13
       Leather armour    |     4 |    68 |    15 ||    87
Dodge: Dodged            |    65 |    78 |    29 ||   172
Block: Buckler           |       |    22 |     9 ||    31

Table legend: (Time is in decaauts)
 A = Elapsed time spent in this place.
 B = Non-inter-level travel time spent in this place.
 C = Inter-level travel time spent in this place.
 D = Time resting spent in this place.
 E = Time spent auto-exploring this place.
 F = Levels seen in this place.
 G = Mean time per level.
                   A        B        C        D        E       F      G
               +--------+--------+--------+--------+--------+-----+--------+
         Total |   4599 |   4340 |    259 |      3 |   3613 |   5 |  919.8 |
       Dungeon |   4599 |   4340 |    259 |      3 |   3613 |   5 |  919.8 |
               +--------+--------+--------+--------+--------+-----+--------+

Top non-repeatable levels by time:
     D:1: 1467 daAuts
     D:4: 1007 daAuts
     D:3: 757 daAuts
     D:5: 701 daAuts
     D:2: 665 daAuts
